 Dungeon Crawl Stone Soup version 0.29-a0-11-ga75d3d97ab (webtiles) character file.

Game seed: 2749361525796576207

16 HallandMoats the Ruffian (level 2, 0/26 HPs)
             Began as a Ghoul Monk on Jan 28, 2022.
             Was a Believer of Sif Muna.
             Slain by a goblin (2 damage)
             ... on level 1 of the Dungeon.
             The game lasted 00:00:52 (581 turns).

HallandMoats the Ruffian (Ghoul Monk)                Turns: 581, Time: 00:00:52

Health: 0/26       AC:  6    Str: 14    XL:     2   Next: 58%
Magic:  1/1        EV:  9    Int:  5    God:    Sif Muna [**....]
Gold:   25         SH:  0    Dex: 11    Spells: 1/1 levels left

rFire   . . .      SeeInvis .     - Unarmed
rCold   + . .      Faith    .   (no shield)
rNeg    + + +      Spirit   .   f - +0 scale mail
rPois   ∞          Reflect  .   (no helmet)
rElec   .          Harm     .   (no cloak)
rCorr   .          Rampage  .   (no gloves)
Will    .....                   (no boots)
Stlth   ..........              (no amulet)
HPRegen 0.00/turn               (no ring)
MPRegen 0.07/turn               (no ring)

@: inhibited regen
A: claws 1, cold resistance 1, negative energy resistance 3, inhibited
regeneration, torment resistance 2
a: Renounce Religion, Channel Magic


You were on level 1 of the Dungeon.
You worshipped Sif Muna.
Sif Muna was pleased with you.
You visited 1 branch of the dungeon, and saw 1 of its levels.

You collected 25 gold pieces.

Inventory:

Armour
 f - a +0 scale mail (worn)
Scrolls
 a - 3 scrolls of teleportation {unknown}
 c - a scroll of identify {unknown}
Potions
 b - 2 potions of flight {unknown}
 d - a potion of degeneration {unknown}


   Skills:
 * Level 3.6 Fighting
 + Level 0.4 Armour
 + Level 2.8 Dodging
 - Level 2.1 Stealth
 * Level 3.6 Unarmed Combat


You had one spell level left.
You didn't know any spells.
Your spell library was empty.

Dungeon Overview and Level Annotations

Branches:
Dungeon (1/15)

Altars:
Sif Muna


Innate Abilities, Weirdness & Mutations

You thrive by killing the living.
You are immune to poison.
You have sharp fingernails.
Your flesh is cold resistant. (rC+)
You are immune to negative energy. (rN+++)
You do not regenerate when monsters are visible.
You are immune to unholy pain and torment.


Message History

The hobgoblin hits you. The goblin barely misses you.
The hobgoblin barely misses you. The goblin hits you with a +0 club.
The hobgoblin hits you but does no damage.
The goblin barely misses you.
The hobgoblin hits you but does no damage.
The goblin closely misses you.
The hobgoblin hits you but does no damage.
The goblin completely misses you. The hobgoblin barely misses you.
The goblin hits you but does no damage. The hobgoblin barely misses you.
The goblin hits you with a +0 club.
The hobgoblin hits you but does no damage.
The goblin hits you but does no damage. The hobgoblin closely misses you.
The goblin hits you with a +0 club.
The hobgoblin hits you but does no damage.
The goblin barely misses you. The hobgoblin closely misses you.
The goblin hits you with a +0 club. The hobgoblin closely misses you.
The goblin hits you but does no damage. The hobgoblin barely misses you.
The goblin barely misses you. The hobgoblin completely misses you.
The goblin hits you but does no damage. The hobgoblin barely misses you.
The goblin hits you with a +0 club. The hobgoblin hits you.
The goblin hits you with a +0 club.
* * * LOW HITPOINT WARNING * * *
The hobgoblin misses you. The goblin hits you but does no damage.
The hobgoblin barely misses you. The goblin hits you but does no damage.
The hobgoblin hits you but does no damage.
The goblin barely misses you. The hobgoblin barely misses you.
The goblin hits you with a +0 club.
* * * LOW HITPOINT WARNING * * *
The hobgoblin hits you.
* * * LOW HITPOINT WARNING * * *
The goblin hits you but does no damage. The hobgoblin barely misses you.
The goblin hits you but does no damage.
The hobgoblin hits you but does no damage.
The goblin hits you but does no damage.
The hobgoblin hits you but does no damage.
The goblin hits you with a +0 club.
* * * LOW HITPOINT WARNING * * *
The hobgoblin hits you but does no damage.
The goblin hits you with a +0 club.
You die...

# #.......##
## #######..#
.# #..# .#
......)#.##
.#
.......#..#
##
.......#..##
.......#...#
.......#...##
.......##.g@#
....... #.#g#
#..S# ##?.#
#.># ##.# #.#
#.#


You could see a hobgoblin, a goblin and a ball python.

Vanquished Creatures
  A dart slug (D:1)
  4 ball pythons (D:1)
  An endoplasm (D:1)
  A goblin (D:1)
  A hobgoblin (D:1)
  A quokka (D:1)
  A frilled lizard (D:1)
  3 kobolds (D:1)
  A rat (D:1)
14 creatures vanquished.

Notes
Turn   | Place    | Note
-------+----------+-------------------------------------------
     0 | D:1      | HallandMoats the Ghoul Monk began the quest for the Orb.
     0 | D:1      | Reached XP level 1. HP: 19/19 MP: 0/0
   314 | D:1      | Reached XP level 2. HP: 26/26 MP: 1/1
   528 | D:1      | Found a faded altar of an unknown god.
   545 | D:1      | Prayed at the altar of an unknown god.
   545 | D:1      | Became a worshipper of Sif Muna the Loreminder
   545 | D:1      | Reached * piety under Sif Muna
   545 | D:1      | Reached ** piety under Sif Muna
   581 | D:1      | Slain by a goblin

Illustrated notes

Levels and vault maps discovered:
D:1:      wander_arrival_chamber, layout_basic, basic_ecumenical_altar

Action                   || total
-------------------------++-------
Melee: Unarmed           ||    44
 Stab: Sleeping          ||     2
Armor: Robe              ||     2
       Scale mail        ||    35
Dodge: Dodged            ||    43

Table legend: (Time is in decaauts)
 A = Elapsed time spent in this place.
 B = Non-inter-level travel time spent in this place.
 C = Inter-level travel time spent in this place.
 D = Time resting spent in this place.
 E = Time spent auto-exploring this place.
 F = Levels seen in this place.
 G = Mean time per level.
                   A        B        C        D        E       F      G
               +--------+--------+--------+--------+--------+-----+--------+
         Total |    577 |    577 |      0 |    212 |    189 |   1 |  577.0 |
       Dungeon |    577 |    577 |      0 |    212 |    189 |   1 |  577.0 |
               +--------+--------+--------+--------+--------+-----+--------+

Top non-repeatable levels by time:
     D:1: 577 daAuts
